 Dungeon Crawl Stone Soup version 0.24-a0-235-g3f03afc (webtiles) character file.

Game seed: 6717428634565342414

62 Lianjan the Magician (level 3, -1/24 HPs)
             Began as a Mummy Wizard on Apr 5, 2019.
             Slain by a jackal (3 damage)
             ... on level 1 of the Dungeon.
             The game lasted 00:06:13 (2411 turns).

Lianjan the Magician (Mummy Wizard)                 Turns: 2411, Time: 00:06:14

Health: -1/24      AC:  2    Str: 11    XL:     3   Next: 85%
Magic:  0/9        EV: 12    Int: 17    God:
Gold:   59         SH:  0    Dex: 10    Spells: 0/11 levels left

rFire    x . .     SeeInvis .   c - +0 club
rCold    + . .     Gourm    .   (no shield)
rNeg     + + +     Faith    .   a - +0 robe
rPois    ∞         Spirit   .   b - +0 hat
rElec    .         Reflect  .   (no cloak)
rCorr    .         Harm     .   (no gloves)
MR       .....                  (no boots)
Stlth    ++........             (no amulet)
HPRegen  0.08/turn              (no ring)
MPRegen  0.11/turn              (no ring)

@: very slightly contaminated
A: no food or potions, fire vulnerability, cold resistance 1, negative energy
resistance 3, torment resistance, unbreathing
a: no special abilities


You were on level 1 of the Dungeon.
You were not hungry.

You visited 1 branch of the dungeon, and saw 2 of its levels.

You collected 59 gold pieces.

Inventory:

Hand Weapons
 c - a +0 club (weapon)
Missiles
 d - 2 stones (quivered)
Armour
 a - a +0 robe (worn)
 b - a +0 hat (worn)
 e - a +2 ring mail of magic resistance
Jewellery
 f - a cursed -3 ring of strength
Scrolls
 h - a scroll of identify


   Skills:
 - Level 1.6 Dodging
 - Level 1.6 Stealth
 + Level 4.7 Spellcasting
 * Level 2.5 Conjurations
 - Level 0.7 Summonings
 - Level 0.7 Translocations


You couldn't memorise any spells.
You knew the following spells:

 Your Spells              Type           Power        Failure   Level  Hunger
a - Magic Dart            Conj           ##..         5%          1    N/A
b - Call Imp              Summ           #.......     17%         2    N/A
c - Blink                 Tloc           N/A          17%         2    N/A
d - Mephitic Cloud        Conj/Pois/Air  #.......     30%         3    N/A
e - Conjure Flame         Conj/Fire      #.......     26%         3    N/A

Your spell library contained the following spells:

 Spells                   Type           Power        Failure   Level  Hunger
 Slow                     Hex            #.......     22%         2    N/A

Dungeon Overview and Level Annotations

Branches:
Dungeon (2/15)

Altars:


Innate Abilities, Weirdness & Mutations

You do not eat or drink.
Your flesh is vulnerable to fire.
You are immune to poison.
Your flesh is cold resistant. (rC+)
You are immune to negative energy. (rN+++)
You are immune to unholy pain and torment.
You can survive without breathing.


Message History

As you read the scroll of blinking, it crumbles to dust.
There is an open door here.
You see here a jackal corpse.
There is a stone staircase leading down here.
As you read the scroll labeled LEGEIL ENAA, it crumbles to dust.
It is a scroll of amnesia.
Okay, then.
The jackal misses you.
Casting: Magic Dart (safe; 5% risk of failure)
Confirm with . or Enter, or press ? or * to list all spells.
Aiming: Magic Dart (safe; 5% risk of failure)
Press: ? - help, Shift-Dir - straight line, f - jackal
Aim: a jackal (moderately wounded)
The magic dart hits the jackal but does no damage.
The jackal is moderately wounded.
The jackal closely misses you.
You closely miss the jackal.
The jackal is moderately wounded.
The jackal barely misses you. The jackal bites you.
You die...

.......#######.#.#
#.# .......# #.#.#
#.# ##.##### #...#
#.# #.########
##..# #.#
#........# #.>#
#.# #........#
##### ####.##
#........# #...#
#.....# #.....<..#
#.÷.# #.#####
#........# #.@.#
#.# #######'##
#.h.# #.# #...'.##
##'## #.# #...###
#######'## #.#
#...# #........#
#.# #...#
#........# #.#
#...# #.§.h....#
#.# #####
########## #.# #.#


You could see a jackal.

Vanquished Creatures
  An ooze (D:1)
  2 dart slugs (D:1)
  3 leopard geckos
  A ball python (D:1)
  5 bats
  2 giant cockroaches (D:1)
  3 goblins (D:1)
  7 hobgoblins
  A jackal (D:2)
  A quokka (D:2)
  7 frilled lizards
  5 kobolds
  6 rats
44 creatures vanquished.

Vanquished Creatures (collateral kills)
  An ooze (D:1)
  A hobgoblin (D:1)
  A jackal (D:1)
  A bat (D:1)
4 creatures vanquished.

Grand Total: 48 creatures vanquished

Notes
Turn   | Place    | Note
-------+----------+-------------------------------------------
     0 | D:1      | Lianjan the Mummy Wizard began the quest for the Orb.
     0 | D:1      | Reached XP level 1. HP: 13/13 MP: 5/5
    94 | D:1      | Reached skill level 1 in Conjurations
   233 | D:1      | Reached XP level 2. HP: 17/19 MP: 0/7
   237 | D:1      | Learned a level 2 spell: Call Imp
   240 | D:1      | Learned a level 2 spell: Blink
   836 | D:1      | Reached XP level 3. HP: 24/24 MP: 0/8
  1848 | D:2      | Learned a level 3 spell: Mephitic Cloud
  1852 | D:2      | Learned a level 3 spell: Conjure Flame
  2411 | D:1      | Slain by a jackal

Levels and vault maps discovered:
D:1:      dpeg_arrival_connections, layout_basic
D:2:      layout_loops_ring, first_ration, grunt_ministairs_3, uniq_natasha

Skill      XL: |  1  2 |
---------------+-------+-----
Conjurations   | 1 2 |  2.5
Dodging        | |  1.6
Stealth        | |  1.6
Spellcasting   | |  4.7
Summonings     | |  0.7
Translocations | |  0.7

Action                   || total
-------------------------++-------
Melee: Club              ||    19
 Cast: Magic Dart        ||   101
       Call Imp          ||     3
       Conjure Flame     ||     1
  Use: Scroll            ||     4
Armor: Robe              ||    16
Dodge: Dodged            ||    48

Table legend:
 A = Non-vault XP
 B = Vault XP
 C = Vault XP percentage of total XP
 D = Non-vault monster count
 E = Vault monster count
 F = Vault count percentage of total count
                 A         B        C        D         E       F
            +---------+---------+-------+---------+---------+-------
      Total |      86 |       3 |   3.4 |      46 |       2 |   4.2
            +---------+---------+-------+---------+---------+-------
        D:1 |      66 |       0 |   0.0 |      33 |       0 |   0.0
        D:2 |      20 |       3 |  13.0 |      13 |       2 |  13.3
            +---------+---------+-------+---------+---------+-------
